 Dungeon Crawl Stone Soup version 0.27.1-35-g4d5d836560 (webtiles) character file.

Game seed: 7112225606013313872

2764 cbfl8 the Cruncher (level 9, -5/69 (79) HPs)
             Began as a Minotaur Monk on May 15, 2022.
             Was a Priest of Yredelemnul.
             Slain by a troll (10 damage)
             ... on level 9 of the Dungeon.
             The game lasted 00:29:59 (9606 turns).

cbfl8 the Cruncher (Minotaur Monk)                  Turns: 9606, Time: 00:30:00

HP:   -5/69 (79)    AC: 18    Str: 24    XL:     9   Next: 42%
MP:   9/9           EV:  9    Int:  7    God:    Yredelemnul [***...]
Gold: 364           SH:  0    Dex: 14    Spells: 8/8 levels left

rFire    + . .     SeeInvis .   d - +3 hand axe (vorpal)
rCold    . . .     Faith    .   (no shield)
rNeg     . . .     Spirit   .   m - +0 plate armour
rPois    +         Reflect  .   (helmet restricted)
rElec    .         Harm     .   y - scarf {shadows}
rCorr    .         Rampage  .   e - +0 pair of gloves
Will     .....                  h - +2 pair of boots
Stlth    ..........             (no amulet)
HPRegen  0.21/turn              i - ring of poison resistance
MPRegen  0.11/turn              L - +6 ring of strength

@: heavily drained
A: horns 2, retaliatory headbutt, claws 1, fire resistance 1, wild magic 1
a: Renounce Religion, Recall Undead Slaves, Injury Mirror, Animate Dead


You were on level 9 of the Dungeon.
You worshipped Yredelemnul.
Yredelemnul was most pleased with you.
You visited 1 branch of the dungeon, and saw 9 of its levels.
You also visited: Ossuary.

You collected 364 gold pieces.

Inventory:

Hand Weapons
 a - a +0 falchion
 d - a +3 vorpal hand axe (weapon)
 l - a +3 quarterstaff of protection
 p - a +3 trident
 r - a +4 spear
 E - a +0 broad axe
Armour
 b - a +0 robe
 e - a +0 pair of gloves (worn)
 h - a +2 pair of boots (worn)
 m - a +0 plate armour (worn)
 o - a +0 cloak
 s - a +0 kite shield
 y - a scarf of shadows (worn)
Jewellery
 i - a ring of poison resistance (left hand)
 t - an amulet of magic regeneration
 v - a ring of wizardry
 L - a +6 ring of strength (right hand)
Wands
 u - a wand of acid (11) (quivered)
 F - a wand of flame (28)
 K - a wand of polymorph (10)
Scrolls
 c - a scroll of noise
 g - a scroll of fear
 j - a scroll of teleportation
 n - a scroll of immolation
 A - a scroll of enchant armour {unknown}
 B - a scroll of blinking
 C - a scroll of amnesia {unknown}
 D - 2 scrolls of vulnerability
 H - a scroll of magic mapping
 J - a scroll of fog {unknown}
Potions
 f - 4 potions of attraction
 k - 3 potions of haste {unknown}
 q - 2 potions of flight {unknown}
 x - a potion of degeneration {unknown}
 z - a potion of lignification {unknown}
 G - 3 potions of heal wounds {unknown}
 I - a potion of invisibility {unknown}


   Skills:
 + Level 7.4 Fighting
 + Level 5.6 Long Blades
 + Level 2.2 Axes
 + Level 8.3 Staves
 + Level 7.8 Armour
 + Level 4.4 Dodging
 + Level 3.2 Stealth
 + Level 2.2 Invocations
 + Level 0.9 Evocations


You had 8 spell levels left.
You didn't know any spells.
Your spell library contained the following spells:

 Spells                   Type           Power      Damage    Failure   Level
 Summon Small Mammal      Summ           0%         N/A       100%        1
 Call Canine Familiar     Summ           0%         N/A       100%        3
 Summon Guardian Golem    Hex/Summ       0%         N/A       100%        3


Dungeon Overview and Level Annotations

Branches:
Dungeon (8/15)             Temple (0/1) D:6         Ossuary (visited)
   Lair: D:8-11

Altars:
Ashenzari
Elyvilon
Gozag
Okawaru
Qazlal
Sif Muna
Trog
Xom
Yredelemnul

Shops:
D:4 *   D:7 *

Annotations:
D:2 Jessica
D:4 3 runed translucent doors, xaos's ghost, amateur HuFi


Innate Abilities, Weirdness & Mutations

You have a pair of horns on your head.
You reflexively headbutt those who attack you in melee.
You have sharp fingernails.
Your flesh is heat resistant. (rF+)
Your spells are a little harder to cast, but a little more powerful.


Message History

The troll bites you but does no damage. The troll barely misses you.
The troll claws you but does no damage.
You hit the troll but do no damage.
The troll is lightly wounded.
The troll bites you!
The troll claws you but does no damage. x2
You slash the troll!
You headbutt the troll, but do no damage.
The troll is moderately wounded.
The troll closely misses you. You furiously retaliate!
You headbutt the troll!
The troll claws you but does no damage. x2
You closely miss the troll.
The troll is severely wounded.
The troll closely misses you. You furiously retaliate!
You headbutt the troll. The troll claws you but does no damage.
The troll claws you!
You hit the troll. You headbutt the troll.
The troll is severely wounded.
The troll bites you. The troll barely misses you. The troll claws you.
The troll bites you. The troll barely misses you. The troll claws you!
You barely miss the troll. You headbutt the troll.
The troll is severely wounded.
The troll bites you. The troll claws you.
* * * LOW HITPOINT WARNING * * *
The troll barely misses you.
Your plate armour prevents you from hitting the troll.
The troll is severely wounded.
The troll bites you but does no damage. The troll barely misses you.
The troll claws you but does no damage.
You hit the troll.
The troll is almost dead.
The troll bites you!
* * * LOW HITPOINT WARNING * * *
The troll claws you but does no damage. The troll closely misses you.
It was a potion of mutation.
You feel extremely strange.
You feel less in control of your magic.
Your fingernails lengthen.
You feel resistant to heat. The troll bites you.
* * * LOW HITPOINT WARNING * * *
The troll claws you but does no damage. The troll claws you!
You die...
Your body rises from the dead as a mindless zombie.

.....# .....#
######.....#
#..........#
#..........#
#..........#
#..........# ..
#.@........#
....##T#########
.........?...
.............
............$
.............
.............
.............
.............


You could see a troll.

Vanquished Creatures
  Maggie (D:6)
  2 wraiths (Ossuary)
  An orc warrior (D:7)
  A sky beast (D:7)
  A black bear (D:5)
  2 ogres
  A necrophage (D:6)
  2 phantoms (D:4)
  A kobold brigand (D:7)
  An elf skeleton (D:7)
  2 scorpions
  A gnoll sergeant (D:6)
  A wyvern skeleton (D:7)
  A water moccasin zombie (D:4)
  6 wights
  A jelly (D:7)
  A bullfrog zombie (D:5)
  2 hounds
  A bullfrog skeleton (D:4)
  2 orc priests (D:3)
  Crazy Yiuf (D:3)
  A centaur skeleton (D:7)
  2 iguanas
  5 orc wizards
  A human skeleton (D:7)
  Terence (D:3)
  2 hound skeletons
  4 adders
  5 gnolls
  A shadow imp (D:5)
  A white imp (D:7)
  2 adder zombies
  5 worms
  3 dart slugs
  24 orcs
  7 ball pythons
  8 endoplasms
  5 goblins
  8 hobgoblins
  4 jackals
  11 kobolds
  4 quokkas (D:1)
  2 ball python skeletons (Ossuary)
  6 bats
  4 frilled lizards
  2 hobgoblin skeletons (Ossuary)
  2 kobold zombies (Ossuary)
  4 orc skeletons
  2 orc zombies
  8 rats
  A spectral kobold (D:1)
167 creatures vanquished.

Vanquished Creatures (collateral kills)
  A phantom (D:7)
  2 orc wizards
  2 orcs (D:7)
5 creatures vanquished.

Vanquished Creatures (others)
  A sky beast zombie (D:7)
  2 gnoll zombies (D:6)
  4 kobold zombies (D:7)
  A necrophage skeleton (D:6)
  4 orc zombies (D:6)
  A scorpion zombie (D:6)
  3 plants (D:7)
16 creatures vanquished.

Grand Total: 188 creatures vanquished

Notes
Turn   | Place    | Note
-------+----------+-------------------------------------------
     0 | D:1      | cbfl8 the Minotaur Monk began the quest for the Orb.
     0 | D:1      | Reached XP level 1. HP: 19/19 MP: 0/0
   124 | D:1      | Reached XP level 2. HP: 27/27 MP: 1/1
   598 | D:1      | Found a faded altar of an unknown god.
   730 | D:1      | Reached XP level 3. HP: 27/33 MP: 2/2
  1272 | D:2      | Noticed Jessica
  1527 | D:3      | Noticed Terence
  1536 | D:4      | Noticed an ogre
  1560 | D:3      | Reached XP level 4. HP: 28/40 MP: 3/3
  2101 | D:2      | Reached skill level 5 in Long Blades
  2360 | D:3      | Found a white marble altar of Elyvilon.
  2704 | D:3      | Found a runed translucent door.
  2705 | D:3      | Noticed Crazy Yiuf
  2713 | D:3      | Killed Crazy Yiuf
  2714 | D:3      | Reached skill level 1 in Armour
  2714 | D:3      | Reached XP level 5. HP: 43/47 MP: 4/4
  2918 | D:3      | Reached skill level 1 in Axes
  3099 | D:3      | Killed Terence
  3100 | D:3      | Reached XP level 6. HP: 46/53 MP: 5/5
  3874 | D:4      | Reached skill level 5 in Fighting
  4357 | D:4      | Found a shimmering altar of Xom.
  4387 | D:4      | Reached skill level 1 in Staves
  4400 | D:4      | Found Pik Cafa's Mayhem Merchandise.
  4449 | D:4      | Reached XP level 7. HP: 54/61 MP: 6/6
  4457 | D:4      | Reached skill level 2 in Staves
  4674 | D:4      | Found a stormy altar of Qazlal.
  4707 | D:4      | Found a runed translucent gate.
  4707 | D:4      | Found a runed translucent gate.
  4707 | D:4      | Found a runed translucent gate.
  4707 | D:4      | Noticed xaos's ghost (amateur HuFi)
  4709 | D:4      | Found a basalt altar of Yredelemnul.
  4835 | D:4      | Became a worshipper of Yredelemnul the Dark
  4835 | D:4      | Reached * piety under Yredelemnul
  4835 | D:4      | Reached ** piety under Yredelemnul
  5097 | D:5      | Entered Level 5 of the Dungeon
  5352 | D:5      | Reached skill level 3 in Staves
  5402 | D:5      | Reached skill level 5 in Armour
  5617 | D:5      | Reached skill level 4 in Staves
  5617 | D:5      | Reached XP level 8. HP: 45/69 MP: 7/7
  6222 | D:6      | Found a staircase to the Ecumenical Temple.
  6415 | D:6      | Found a sand-covered staircase.
  6523 | D:6      | Found a broken altar of Ashenzari.
  6690 | D:6      | Reached skill level 5 in Staves
  7226 | D:6      | Noticed Maggie
  7470 | D:7      | Reached skill level 6 in Staves
  7470 | D:7      | Reached skill level 1 in Invocations
  7517 | D:7      | Found an opulent altar of Gozag.
  7580 | D:7      | Found Dupsajiu's Desiderata Depot.
  7652 | D:7      | Found a sand-covered staircase.
  7660 | Ossuary  | Entered an ossuary
  7742 | Ossuary  | Noticed a flying skull
  7759 | Ossuary  | Noticed a flying skull
  7793 | Ossuary  | Noticed a flying skull
  7828 | Ossuary  | Noticed a flying skull
  8235 | Ossuary  | Reached skill level 7 in Staves
  8235 | Ossuary  | Reached XP level 9. HP: 66/79 MP: 9/9
  8484 | D:6      | Killed Maggie
  8485 | D:6      | Reached skill level 8 in Staves
  8800 | D:7      | Reached *** piety under Yredelemnul
  9098 | D:7      | Found a bloodstained altar of Trog.
  9122 | D:7      | Found a shimmering blue altar of Sif Muna.
  9385 | D:7      | Found an iron altar of Okawaru.
  9584 | D:8      | You fall into a shaft and drop 1 floor!
  9590 | D:9      | Noticed a troll
  9606 | D:9      | Gained mutation: Your spells are a little harder to cast,
                  | but a little more powerful. [potion of mutation]
  9606 | D:9      | Gained mutation: You have sharp fingernails. [potion of
                  | mutation]
  9606 | D:9      | Gained mutation: Your flesh is heat resistant. (rF+)
                  | [potion of mutation]
  9606 | D:9      | Slain by a troll

Illustrated notes

Levels and vault maps discovered:
D:1:      lemuel_arrival_lava_pool, layout_basic,
          dreamdust_ecumenical_altar_drowned_temple, serial_forest,
          infiniplex_forest_clump_small, infiniplex_forest_lined_4_way,
          infiniplex_forest_end_1, infiniplex_forest_clump_diagonal,
          infiniplex_forest_clump_curved, infiniplex_forest_clump_medium,
          hangedman_abyss_or_decor_lesser_grid
D:2:      layout_rooms, grunt_decor_resistance, uniq_jessica
D:3:      layout_basic, elyvilon_altar_5, uniq_crazy_yiuf_cottage, uniq_terence
D:4:      layout_rooms, xom_teletrap_fun, nicolae_yredelemnul_ghost_church,
          mainiacjoe_overflow_alcove_4, cheibrodos_sewer_entry_bend,
          st_stairs_5, minmay_shop_mayhem
D:5:      layout_basic
D:6:      layout_loops_ring, lemuel_coloured_pillars_altar, temple_pool_b,
          lightli_ossuary_entry_decrepit_ruins, dk_noncrumbling_3, uniq_maggie
D:7:      layout_rooms, nicolae_gozag_cash_rules_everything_around_me,
          mainiacjoe_overflow_brackets, lemuel_doored_altar,
          kennysheep_mini_moat, nicolae_ossuary_entry_catacombs,
          chequers_serial_rivers_small_3, nicolae_alphabet_shops,
          serial_bayou_pond_d
D:8:      layout_cave_pools, nzn_makhleb_speed_demon,
          grunt_lair_entry_orc_guard_hut, minmay_misc_feat_encased,
          nicolae_blasting_shop, uniq_erica
D:9:      layout_grid_maze, lemuel_tele_altar

Skill      XL: |  1  2  3  4  5  6  7  8  9 |
---------------+----------------------------+-----
Fighting       | 4 5 7 |  7.4
Long Blades    | 4 5 |  5.6
Stealth        | 2 3 |  3.2
Dodging        | 4 |  4.4
Armour         | 1 2 4 5 7 |  7.8
Axes           | 1 2 |  2.2
Staves         | 1 4 7 8 |  8.3
Invocations    | 2 |  2.2
Evocations     | |  0.9

Action                   |  1- 3 |  4- 6 |  7- 9 || total
-------------------------+-------+-------+-------++-------
Melee: Falchion          |    79 |     8 |       ||    87
       Headbutt          |    17 |    24 |    55 ||    96
       Hand axe          |       |    71 |    59 ||   130
       Quarterstaff      |       |    74 |   229 ||   303
Invok: Animate Remains   |       |       |    13 ||    13
       Animate Dead      |       |       |     3 ||     3
Evoke: Wand              |       |     2 |     2 ||     4
  Use: Scroll            |     6 |     5 |     5 ||    16
       Potion            |     2 |       |     3 ||     5
 Stab: Sleeping          |     2 |       |       ||     2
       Petrified         |       |     4 |       ||     4
Armor: Robe              |    14 |       |       ||    14
       Plate armour      |    36 |   131 |   218 ||   385
Dodge: Dodged            |    65 |    49 |    86 ||   200
       Rpst.: Falchion   |    20 |       |       ||    20
